 Dungeon Crawl Stone Soup version 0.23.0 (webtiles) character file.

Game seed: 18211612388692032520

92 Froggeryz the Chopper (level 4, -1/39 HPs)
             Began as a Minotaur Fighter on Feb 11, 2019.
             Slain by a hobgoblin
             ... wielding a +0 club
             ... led by Robin
              (10 damage)
             ... on level 3 of the Dungeon.
             The game lasted 00:01:37 (1192 turns).

Froggeryz the Chopper (Minotaur Fighter)            Turns: 1192, Time: 00:01:38

Health: -1/39      AC:  0    Str: 21    XL:     4   Next: 35%
Magic:  3/3        EV: 17    Int:  5    God:
Gold:   68         SH:  0    Dex: 15    Spells: 3/3 levels left

rFire    . . .     SeeInvis .   (weapon currently unavailable)
rCold    . . .     Gourm    .   (shield currently unavailable)
rNeg     . . .     Faith    .   (armour currently unavailable)
rPois    .         Spirit   .   (helmet currently unavailable)
rElec    .         Reflect  .   (cloak currently unavailable)
rCorr    .         Harm     .   (gloves currently unavailable)
MR       .....                  (boots currently unavailable)
Stlth    +.........             (no amulet)
HPRegen  0.13/turn              (ring currently unavailable)
MPRegen  0.08/turn              (ring currently unavailable)

@: bat-form, flying, very quick
A: tiny, (retaliatory headbutt)
a: no special abilities


You were on level 3 of the Dungeon.
You were not hungry.
You were in bat-form.
You visited 1 branch of the dungeon, and saw 3 of its levels.

You collected 68 gold pieces.

Inventory:

Hand Weapons
 a - a +0 war axe (melded)
Armour
 b - a +0 scale mail (melded)
 c - a +0 shield (melded)
Jewellery
 i - a ring of positive energy (melded)
Scrolls
 g - a scroll of enchant weapon {unknown}
 j - 2 scrolls of enchant armour {unknown}
Potions
 d - a potion of might
 e - a potion of brilliance {unknown}
 h - 3 potions of invisibility {unknown}
 k - a potion of curing {unknown}
Comestibles
 f - 4 rations
 l - a chunk of flesh


   Skills:
 - Level 3.6 Fighting
 + Level 5.6 Axes
 - Level 3.6 Armour
 - Level 3.6 Shields


You had 3 spell levels left.
You didn't know any spells.
Your spell library was empty.

Dungeon Overview and Level Annotations

Branches:
Dungeon (3/15)

Altars:
Ashenzari
Nemelex Xobeh

Annotations:
D:3 Robin


Innate Abilities, Weirdness & Mutations

((You reflexively headbutt those who attack you in melee.))
((You have a pair of horns on your head.))


Message History

The goblin barely misses you.
You hit the goblin.
You kill the goblin!
Robin roars a battlecry!
The goblin goes into a battle-frenzy!
You hear a shout! x2
You hit the hobgoblin but do no damage. The hobgoblin hits you with a +0 club!
* * * LOW HITPOINT WARNING * * *
Robin's bangles clink loudly.
You hit the hobgoblin.
The hobgoblin is heavily wounded.
Robin zaps a wand.
The hobgoblin closely misses you.
You hit the hobgoblin but do no damage.
The hobgoblin is heavily wounded.
Robin hits you from afar with a +2 spear of freezing.
* * * LOW HITPOINT WARNING * * *
Robin freezes you.
* * * LOW HITPOINT WARNING * * *
The hobgoblin hits you with a +0 club!
You die...

#.# #...)......## # #)#
#..#........# #.#)#
#..#........#
#.#.#.#†######..####.....#
................# ##...##
..#.###g#g#####.# ##...#
#.#g# #.######.#.# #g#.#
#<#....._..# ###.###.#b#
#.#.####.#.#
........#g#####.#.# #...#
###.....r.........# #####
#################


You could see Robin, a hobgoblin, a goblin and a rat.

Vanquished Creatures
  Natasha (D:3)
  An adder (D:3)
  A worm (D:2)
  A leopard gecko (D:2)
  An orc (D:3)
  3 bats
  A giant cockroach (D:2)
  14 goblins
  7 hobgoblins
  3 jackals (D:1)
  2 kobolds (D:1)
  2 quokkas
  3 ball pythons
  2 frilled lizards (D:2)
  7 rats
49 creatures vanquished.

Notes
Turn   | Place    | Note
-------+----------+-------------------------------------------
     0 | D:1      | Froggeryz the Minotaur Fighter began the quest for the Orb.
     0 | D:1      | Reached XP level 1. HP: 19/19 MP: 0/0
    50 | D:1      | Reached skill level 3 in Axes
   155 | D:1      | Found a sparkling altar of Nemelex Xobeh.
   159 | D:1      | Reached XP level 2. HP: 24/26 MP: 1/1
   522 | D:2      | Reached skill level 4 in Axes
   653 | D:2      | Reached XP level 3. HP: 27/31 MP: 2/2
  1106 | D:3      | Noticed Natasha
  1111 | D:3      | Killed Natasha
  1111 | D:3      | Reached skill level 5 in Axes
  1111 | D:3      | Reached XP level 4. HP: 39/39 MP: 3/3
  1125 | D:3      | Found a shattered altar of Ashenzari.
  1165 | D:3      | Noticed Robin
  1192 | D:3      | Slain by a hobgoblin

Skill      XL: |  1  2  3 |
---------------+----------+-----
Axes           | 3 4 5 |  5.6
Fighting       | |  3.6
Armour         | |  3.6
Shields        | |  3.6

Action                   |  1- 3 |  4- 6 || total
-------------------------+-------+-------++-------
Melee: War axe           |    86 |    15 ||   101
       Headbutt          |    10 |     2 ||    12
       Unarmed           |       |     8 ||     8
  Eat: Chunk             |     1 |       ||     1
Armor: Scale mail        |    39 |    16 ||    55
Dodge: Dodged            |    36 |    12 ||    48
Block: Shield            |    32 |     9 ||    41
